 Dungeon Crawl Stone Soup version 0.29-a0-1014-ga8c0faee3b (webtiles) character file.

Game seed: 14878177876648898416

433 Asher535 the Chopper (level 7, -3/61 HPs)
             Began as a Hill Orc Fighter on Aug 9, 2022.
             Slain by a wyvern (9 damage)
             ... on level 3 of the Dungeon.
             The game lasted 00:04:35 (3324 turns).

Asher535 the Chopper (Hill Orc Fighter)             Turns: 3324, Time: 00:04:36

Health: -3/61      AC:  7    Str: 21    XL:     7   Next: 0%
Magic:  7/7        EV:  9    Int:  8    God:
Gold:   229        SH:  4    Dex: 10    Spells: 6/6 levels left

rFire   . . .      SeeInvis .   a - +0 war axe
rCold   . . .      Faith    .   c - +0 buckler
rNeg    . . .      Spirit   .   b - +0 scale mail
rPois   .          Reflect  .   (no helmet)
rElec   .          Harm     .   (no cloak)
rCorr   .          Rampage  .   (no gloves)
Will    .....                   (no boots)
Stlth   ..........              (no amulet)
HPRegen 0.20/turn               (no ring)
MPRegen 0.10/turn               (no ring)

@: no status effects
A: no striking features
a: no special abilities


You were on level 3 of the Dungeon.
You visited 1 branch of the dungeon, and saw 4 of its levels.

You collected 229 gold pieces.

Inventory:

Hand Weapons
 a - a +0 war axe (weapon)
Armour
 b - a +0 scale mail (worn)
 c - a +0 buckler (worn)
Scrolls
 e - 3 scrolls of butterflies {unknown}
 i - 2 scrolls of fear {unknown}
 j - 5 scrolls of identify {unknown}
 k - a scroll of noise {unknown}
 l - a scroll of amnesia {unknown}
 n - a scroll of enchant weapon {unknown}
 o - a scroll of magic mapping {unknown}
 p - a scroll of teleportation {unknown}
 q - a scroll of poison {unknown}
 s - a scroll of immolation {unknown}
Potions
 f - a potion of attraction {unknown}
 g - 2 potions of ambrosia {unknown}
 h - a potion of magic {unknown}
 m - a potion of mutation {unknown}
 r - a potion of haste {unknown}


   Skills:
 + Level 5.2 Fighting
 * Level 6.2 Axes
 + Level 4.7 Armour
 + Level 4.8 Shields


You had 6 spell levels left.
You didn't know any spells.
Your spell library contained the following spells:

 Spells                   Type           Power      Damage    Failure   Level
 Apportation              Tloc           0%         N/A       83%         1
 Magic Dart               Conj           0%         1d3       83%         1
 Call Imp                 Summ           0%         N/A       92%         2
 Ensorcelled Hibernation  Hex/Ice        0%         N/A       92%         2
 Mephitic Cloud           Conj/Pois/Air  0%         N/A       99%         3
 Spider Form              Tmut/Pois      0%         N/A       99%         3
 Anguish                  Hex/Necr       0%         N/A       100%        4
 Alistair's Intoxication  Tmut/Pois      0%         N/A       100%        5


Dungeon Overview and Level Annotations

Branches:
Dungeon (4/15)
 Temple: D:4-7

Altars:
Gozag
Trog


Message History

Your Axes skill increases to level 6!
You have reached level 7!
You start resting.
HP restored.
There is a stone staircase leading down here.
You climb downwards.
The wyvern bites you! The wyvern completely misses you.
There is a stone staircase leading up, spattered with blood here.
The wyvern bites you! You block the wyvern's attack.
You climb upwards.
There is a stone staircase leading down here.
You closely miss the wyvern. You block the wyvern's attack.
The wyvern closely misses you.
You hit the wyvern but do no damage.
The wyvern bites you but does no damage.
You closely miss the wyvern. You block the wyvern's attack.
The wyvern bites you!
You are too injured to fight recklessly!
You are too injured to fight recklessly!
You are too injured to fight recklessly!
You are too injured to fight recklessly!
You are too injured to fight recklessly!
You are too injured to fight recklessly!
You are too injured to fight recklessly!
You are too injured to fight recklessly!
You are too injured to fight recklessly!
You are too injured to fight recklessly!
You are too injured to fight recklessly!
You barely miss the wyvern. The wyvern closely misses you.
The wyvern bites you!
* * * LOW HITPOINT WARNING * * *
You closely miss the wyvern. The wyvern bites you!
* * * LOW HITPOINT WARNING * * *
You block the wyvern's attack.
You hit the wyvern but do no damage. The wyvern bites you.
* * * LOW HITPOINT WARNING * * *
The wyvern closely misses you.
You hit the wyvern.
The wyvern is lightly wounded.
The wyvern bites you!
You die...

##..)..##.##....# #.#
...######.##.##.# #†# ####
#.#.....##########.###
#.#..#.).............# ####
#.#................#.# ...#
#.##.#.#####.#####.#.# ##[#
#.##....# #.# #.#.# #.#
#.##..#.####.# #.#.##
#.######.##...l@....#
#....###
#.##...#.##.#.)######
##..()..#
#....#............#
#.......#
####...#.####..##.#
#.......# ##.##.#
#..##.######.....[.#
#####.#.#.#
#..................#
.....###..#
#..##.########...###
#####.#.### #..##.# ###.#
###
##.#######..##.##########.#


You could see a wyvern.

Vanquished Creatures
  Sigmund (D:2)
  2 ogres (D:3)
  4 adders
  2 worms
  A dart slug (D:2)
  5 orcs (D:3)
  5 bats
  3 endoplasms (D:2)
  2 giant cockroaches
  6 hobgoblins
  4 jackals
  5 kobolds
  5 quokkas
  6 ball pythons (D:2)
  3 frilled lizards
  A goblin (D:2)
  8 rats
63 creatures vanquished.

Notes
Turn   | Place    | Note
-------+----------+-------------------------------------------
     0 | D:1      | Asher535 the Hill Orc Fighter began the quest for the Orb.
     0 | D:1      | Reached XP level 1. HP: 19/19 MP: 1/1
   273 | D:1      | Reached skill level 3 in Axes
   273 | D:1      | Reached XP level 2. HP: 26/27 MP: 2/2
   321 | D:1      | Found a faded altar of an unknown god.
  1039 | D:2      | Noticed Sigmund
  1047 | D:2      | Killed Sigmund
  1048 | D:2      | Reached skill level 4 in Axes
  1048 | D:2      | Reached XP level 3. HP: 5/34 MP: 3/3
  1048 | D:2      | Reached XP level 4. HP: 6/41 MP: 4/4
  1048 | D:2      | Reached XP level 5. HP: 7/47 MP: 5/5
  1144 | D:2      | Reached skill level 5 in Axes
  1794 | D:2      | Reached XP level 6. HP: 48/55 MP: 6/6
  1904 | D:2      | You fall into a shaft and drop 1 floor!
  2590 | D:3      | Found an opulent altar of Gozag.
  2590 | D:3      | Found a bloodstained altar of Trog.
  2706 | D:4      | Noticed a black bear
  2716 | D:3      | Reached skill level 5 in Fighting
  3098 | D:4      | Noticed a wyvern
  3103 | D:3      | Reached skill level 6 in Axes
  3103 | D:3      | Reached XP level 7. HP: 19/61 MP: 7/7
  3324 | D:3      | Slain by a wyvern

Illustrated notes

Levels and vault maps discovered:
D:1:      dpeg_arrival_concentric_ovals, layout_basic,
          shapermc_ecumenical_altar_starsandcircs
D:2:      minmay_spotlight, layout_rooms, minmay_pentomino_x4, uniq_sigmund
D:3:      layout_loops_ring, gammafunk_temple_overflow_pools
D:4:      layout_cave_pools, minmay_temple_entry_tees, serial_shops,
          nicolae_square_shop, kennysheep_pointless_box, serial_bayou_ford_a,
          hangedman_abyss_or_decor_lesser_grid

Skill      XL: |  1  2  3  4  5  6 |
---------------+-------------------+-----
Axes           | 3 4 5 6 |  6.2
Fighting       | 4 5 |  5.2
Armour         | 4 |  4.7
Shields        | 4 |  4.8

Action                   |  1- 3 |  4- 6 |  7- 9 || total
-------------------------+-------+-------+-------++-------
Melee: War axe           |    35 |   136 |     7 ||   178
  Use: Potion            |     1 |     1 |       ||     2
Armor: Scale mail        |    15 |    55 |     1 ||    71
Dodge: Dodged            |    16 |    66 |     4 ||    86
Block: Buckler           |     5 |    20 |     4 ||    29

Table legend: (Time is in decaauts)
 A = Elapsed time spent in this place.
 B = Non-inter-level travel time spent in this place.
 C = Inter-level travel time spent in this place.
 D = Time resting spent in this place.
 E = Time spent auto-exploring this place.
 F = Levels seen in this place.
 G = Mean time per level.
                   A        B        C        D        E       F      G
               +--------+--------+--------+--------+--------+-----+--------+
         Total |   3377 |   3275 |    102 |    578 |   2247 |   4 |  844.2 |
       Dungeon |   3377 |   3275 |    102 |    578 |   2247 |   4 |  844.2 |
               +--------+--------+--------+--------+--------+-----+--------+

Top non-repeatable levels by time:
     D:3: 1310 daAuts
     D:2: 1077 daAuts
     D:1: 975 daAuts
     D:4: 14 daAuts
